 Dungeon Crawl Stone Soup version 0.21-a0-104-g7b58145 (webtiles) character file.

632 Kidiri the Magician (level 7, 0/36 HPs)
             Began as a Deep Elf Fire Elementalist on July 6, 2017.
             Killed from afar by a freed slave (31 damage)
             ... with an exploding inner flame
             ... led by Pikel
             ... hexed by the player character
             ... on level 4 of the Dungeon.
             The game lasted 00:18:31 (3471 turns).

Kidiri the Magician (Deep Elf Fire Elementalist)    Turns: 3471, Time: 00:18:33

Health: 0/36       AC:  3    Str:  5    XL:     7   Next: 24%
Magic:  11/20      EV: 18    Int: 22    God:
Gold:   173        SH:  0    Dex: 15    Spells: 3/21 levels left

rFire    . . .     SeeInvis .   n - +2 dagger
rCold    . . .     Gourm    .   (no shield)
rNeg     . . .     Faith    .   a - +0 robe
rPois    .         Spirit   .   (no helmet)
rElec    .         Reflect  .   r - scarf {cloud immunity}
rCorr    +         Harm     .   k - +0 pair of gloves
MR       .....                  (no boots)
Stlth    ++........             (no amulet)
HPRegen  0.12/turn              g - +5 ring of evasion
MPRegen  0.17/turn              l - ring of resist corrosion

@: no status effects
A: no striking features
a: no special abilities


You were on level 4 of the Dungeon.
You were not hungry.

You visited 1 branch of the dungeon, and saw 4 of its levels.

You collected 173 gold pieces.

Inventory:

Hand Weapons
 n - a +2 dagger (weapon)
Armour
 a - a +0 robe (worn)
 k - a +0 pair of gloves (worn)
 r - a scarf of cloud immunity (worn)
Jewellery
 g - a +5 ring of evasion (left hand)
 l - a ring of resist corrosion (right hand)
Scrolls
 f - a scroll of fog
Potions
 e - a potion of haste
 h - 3 potions of agility {unknown}
 i - a potion of flight
 o - a potion of degeneration {unknown}
 p - a potion of lignification {unknown}
 s - 2 potions of resistance {unknown}
 t - 2 potions of curing {unknown}
Books
 b - a book of Flames

   Spells                             Type                      Level
   a - Flame Tongue                   Conjuration/Fire             1
   b - Throw Flame                    Conjuration/Fire             2
   c - Conjure Flame                  Conjuration/Fire             3
   d - Inner Flame                    Hexes/Fire                   3
   e - Sticky Flame                   Conjuration/Fire             4
   f - Fireball                       Conjuration/Fire             5
Comestibles
 c - 4 bread rations
 d - a meat ration
 j - a chunk of flesh


   Skills:
 + Level 0.0 Fighting
 + Level 0.0 Short Blades
 + Level 0.0 Armour
 + Level 2.4 Dodging
 - Level 2.4 Stealth
 * Level 7.8 Spellcasting
 + Level 4.2 Conjurations
 + Level 5.4 Fire Magic


You had 3 spell levels left.
You knew the following spells:

 Your Spells              Type           Power        Failure   Level  Hunger
a - Flame Tongue          Conj/Fire      ####.        1%          1    None
b - Throw Flame           Conj/Fire      ####..       1%          2    None
c - Conjure Flame         Conj/Fire      ####....     3%          3    None
d - Inner Flame           Hex/Fire       ###.....     8%          3    None
e - Sticky Flame          Conj/Fire      ####....     10%         4    ###....
f - Fireball              Conj/Fire      ####......   28%         5    #####..


Dungeon Overview and Level Annotations

Branches:
Dungeon (4/15)
 Temple: D:4-7

Altars:
Elyvilon
Trog
The Shining One


Message History

The freed slave burns!
Casting: Sticky Flame
Confirm with . or Enter, or press ? or * to list all spells.
Aiming: Inner Flame
Press: ? - help, Shift-Dir - straight line, f/p - freed slave
Aim: a freed slave, wearing an animal skin (severely wounded, covered in liquid flames, chance to defeat MR: 76%)
The freed slave barely resists.
The freed slave burns!
Casting: Inner Flame
Confirm with . or Enter, or press ? or * to list all spells.
Aiming: Inner Flame
Press: ? - help, Shift-Dir - straight line, f/p - freed slave
Aim: a freed slave, wearing an animal skin (almost dead, covered in liquid flames, chance to defeat MR: 76%)
The freed slave is filled with an inner flame.
The freed slave burns!
The freed slave explodes!
The fiery explosion engulfs the freed slave.
You kill the freed slave!
That felt strangely unrewarding.
The fiery explosion engulfs you!
Ouch! That really hurt!
You die...

######### #.......#
#.......# #.......#
#.......# #....[.##
#......#########.###
#......'[<[§@.......
#......#..§§§.....?.
#......#............
+......#............
#...p####.#######..#
#...p####+##..## '#
#............... .
#...p..............
#..................


There were no monsters in sight!

Vanquished Creatures
  Pikel (D:3)
  2 slaves (D:4)
  The ghost of hairmachine the Firebug, a weakling DgFE (D:3)
  A hound skeleton (D:4)
  5 adders
  A worm (D:2)
  6 dart slugs
  An orc (D:3)
  5 bats
  3 giant cockroaches
  10 goblins
  4 hobgoblins
  2 jackals (D:2)
  A ball python (D:2)
  2 frilled lizards (D:2)
  5 kobolds
  5 rats
55 creatures vanquished.

Notes
Turn   | Place    | Note
-------+----------+-------------------------------------------
     0 | D:1      | Kidiri the Deep Elf Fire Elementalist began the quest for the Orb.
     0 | D:1      | Reached XP level 1. HP: 10/10 MP: 6/6
   742 | D:1      | Reached XP level 2. HP: 15/15 MP: 6/8
   746 | D:1      | Learned a level 2 spell: Throw Flame
  1040 | D:2      | Found a glowing golden altar of the Shining One.
  1088 | D:2      | Reached XP level 3. HP: 16/19 MP: 5/10
  1093 | D:2      | Learned a level 3 spell: Conjure Flame
  1097 | D:2      | Learned a level 3 spell: Inner Flame
  1150 | D:2      | Reached skill level 4 in Spellcasting
  1573 | D:2      | Found a bloodstained altar of Trog.
  1623 | D:2      | Found a white marble altar of Elyvilon.
  1710 | D:2      | Reached XP level 4. HP: 20/24 MP: 7/12
  2258 | D:3      | Noticed hairmachine's ghost (weakling DgFE)
  2274 | D:3      | Killed hairmachine's ghost
  2274 | D:3      | Reached skill level 5 in Spellcasting
  2393 | D:3      | Reached XP level 5. HP: 28/28 MP: 10/14
  2399 | D:3      | Learned a level 4 spell: Sticky Flame
  3129 | D:4      | Noticed a slave
  3140 | D:4      | Killed a slave
  3241 | D:4      | Noticed Pikel
  3243 | D:4      | Noticed a slave
  3246 | D:4      | Noticed a slave
  3247 | D:4      | Noticed a slave
  3286 | D:3      | Killed Pikel
  3286 | D:3      | Reached skill level 7 in Spellcasting
  3286 | D:3      | Reached skill level 5 in Fire Magic
  3286 | D:3      | Reached XP level 6. HP: 17/32 MP: 0/18
  3286 | D:3      | Reached XP level 7. HP: 19/36 MP: 0/20
  3433 | D:3      | Learned a level 5 spell: Fireball
  3471 | D:4      | Killed from afar by a freed slave

Vault maps used:
D:1:      saegor_arrival_simple_e
D:2:      nicolae_overflow_hidden_temple, tso_oasis_becter, corexii_corridor_pit
D:4:      minmay_diamond_boxcup, tgw_sif, serial_shops, shop,
          minmay_tree_intersection, uniq_pikel

Skill      XL: |  1  2  3  4  5 |
---------------+----------------+-----
Spellcasting   | 4 5 7 |  7.8
Conjurations   | 2 4 |  4.2
Fire Magic     | 4 5 |  5.4
Dodging        | |  2.4
Stealth        | |  2.4

Action                   |  1- 3 |  4- 6 |  7- 9 || total
-------------------------+-------+-------+-------++-------
Melee: Short sword       |     1 |       |       ||     1
       Dagger            |     3 |     1 |       ||     4
 Cast: Flame Tongue      |    57 |    38 |     2 ||    97
       Throw Flame       |     1 |    10 |     1 ||    12
       Conjure Flame     |       |     2 |       ||     2
       Sticky Flame      |       |     1 |     1 ||     2
       Inner Flame       |       |       |     2 ||     2
  Use: Scroll            |       |     8 |       ||     8
 Stab: Sleeping          |     3 |       |       ||     3
  Eat: Chunk             |     2 |     3 |     1 ||     6
       Royal jelly       |       |     1 |       ||     1
Armor: Robe              |     5 |     3 |     1 ||     9
Dodge: Dodged            |    20 |    11 |     1 ||    32
